AoeStats
← tarepo

Arena

510139316Analyzed
1v1 RM · 18h ago on Sep 29, 2026· 41m 17s· 2 players
Game mode
Random Map
Map size
Tiny (2 player)
Population
200
Speed
Normal
Resources
Standard
Victory
Conquest
Starting age
Dark Age
Ending age
Imperial Age
RankedLock teamsTeams togetherTeam positionsShared explorationLock speedFull tech treeHidden civsTurbo modeCheats
Victory
Defeat
🇹🇷 Turks · Türkiye
483
+16
🇨🇭 Spanish · Switzerland
474
-16
tarepo
10:40 Feudal Age
14:52 Castle Age
14:26 Double-Bit Axe
14:26 Horse Collar
15:42 Gold Mining
23:07 Loom
23:11 Town Watch
24:22 Scale Mail Armor
24:34 Forging
26:02 Chain Mail Armor
25:18 Pikeman
25:59 Squires
26:36 Stone Mining
27:32 Wheelbarrow
28:29 Scale Barding Armor
29:01 Iron Casting
29:20 Hand Cart
30:00 Heavy Plow
33:17 Imperial Age
33:27 Imperial Age
31:25 Fortified Wall
31:26 Masonry
32:03 Husbandry
32:14 Bloodlines
32:25 Light Cavalry
33:36 Bow Saw
33:33 Town Patrol
34:24 Chain Barding Armor
34:33 Conscription
33:34 Elite Conquistador
34:38 Cavalier
34:39 Hussar
36:55 Plate Mail Armor
37:00 Plate Barding Armor
37:27 Blast Furnace
37:55 Chemistry
37:26 Architecture
37:43 Murder Holes
omermelik_92
0:28 Loom
11:38 Feudal Age
13:05 Wheelbarrow
12:23 Double-Bit Axe
12:33 Gold Mining
13:09 Horse Collar
18:22 Stone Mining
24:10 Castle Age
24:30 Bloodlines
26:30 Hand Cart
26:38 Padded Archer Armor
27:18 Bow Saw
27:11 Heavy Plow
28:02 Leather Archer Armor
31:41 Imperial Age
34:16 Ring Archer Armor
37:25 Hoardings
37:07 Masonry
37:59 Artillery
38:10 Husbandry
39:50 Architecture
40:40 Elite Janissary
41:42 Conscription
Connection lost

Rejoining the realm…

Still unreachable

The connection could not be restored.

Session expired

The server has moved on; the page needs a fresh start.